 Dungeon Crawl Stone Soup version 0.17.2-1-ge4368a0 (webtiles) character file.

68317 Goblin1989 the Martial Artist (level 14, -7/114 HPs)
             Began as a Demonspawn Monk on Mar 12, 2017.
             Was an Initiate of Gozag.
             Mangled by a seven-headed hydra (12 damage)
             ... on level 14 of the Dungeon on Mar 14, 2017.
             The game lasted 01:45:20 (36027 turns).

Goblin1989 the Martial Artist (Demonspawn Monk)    Turns: 36027, Time: 01:45:22

Health: -7/114     AC:  8    Str: 15    XL:     14   Next: 86%
Magic:  0/22       EV: 17    Int: 18    God:    Gozag
Gold:   1823       SH:  7    Dex: 13    Spells: 4 memorised, 11 levels left

rFire  + + +     SeeInvis +       - Unarmed
rCold  . . .     Clarity  +     W - +1 robe of Generosity {*Contam rCorr Int+4}
rNeg   . . .     SustAt   .     p - +2 buckler
rPois  +         Gourm    .     H - +0 mask of the Dragon {MR+ Slay+3 SInv}
rElec  +         Spirit   +     F - +1 cloak of Optimism {Slay+2}
rCorr  +         Warding  .     d - +0 pair of gloves of Nutzoul {rElec rF+++ SInv Stlth-}
rMut   .         Stasis   .     J - +0 pair of boots
MR     ++...                    (no amulet)
Stlth  ++++......               y - +3 ring of slaying
                                o - ring of poison resistance

@: very resistant to hostile enchantments, stealthy
A: beak, horns 1, rugged brown scales 1, clarity, clumsy 1, low mp 1,
nightstalker 3, magic shield, magic regeneration, magic link
a: Potion Petition, Call Merchant, Bribe Branch, Renounce Religion


You were on level 14 of the Dungeon.
You worshipped Gozag.
Gozag was noncommittal.
You were full.

You visited 3 branches of the dungeon, and saw 25 of its levels.
You also visited: Ice Cave.

You collected 9270 gold pieces.
You spent 3388 gold pieces at shops.
You paid 4059 gold pieces to Gozag.

Inventory:

Hand Weapons
 w - a +5 blowgun {@w1}
Missiles
 Z - 3 throwing nets {!d, =f}
Armour
 d - the +0 pair of gloves of Nutzoul (worn) {rElec rF+++ SInv Stlth-}
   (You bought it in a shop on level 1 of the Lair of Beasts)

   It renders you almost immune to fire.
   It insulates you from electricity.
   It lets you see invisible.
   It makes you less stealthy.
 p - a +2 buckler (worn)
 z - a +2 cloak of magic resistance
 F - the +1 cloak of Optimism (worn) {Slay+2}
   (You bought it in a shop on level 1 of the Lair of Beasts)

   It affects your accuracy and damage with ranged weapons and melee attacks
   (+2).
 H - the +0 mask of the Dragon (worn) {MR+ Slay+3 SInv}
   (You bought it in a shop on level 1 of the Lair of Beasts)

   It affects your accuracy and damage with ranged weapons and melee attacks
   (+3).
   It affects your resistance to hostile enchantments.
   It lets you see invisible.
 J - a +0 pair of boots (worn)
 W - the +1 robe of Generosity (worn) {*Contam rCorr Int+4}
   (You found it on level 12 of the Dungeon)

   It affects your intelligence (+4).
   It causes magical contamination when unequipped.
   It protects you from acid and corrosion.
Jewellery
 c - a ring of protection from cold
 o - a ring of poison resistance (left hand)
 t - a ring of protection from cold
 u - a +3 ring of intelligence
 y - a +3 ring of slaying (right hand)
 G - a ring of sustain attributes
Wands
 h - a wand of heal wounds (2) {@v1, !v}
 k - a wand of teleportation (4) {@v3, !v}
 Y - a wand of fire (6)
Scrolls
 a - a scroll of noise {unknown}
 g - 2 scrolls of fear
 j - 3 scrolls of recharging
 m - 6 scrolls of amnesia
 n - a scroll of acquirement {unknown}
 q - 2 scrolls of enchant armour
 r - 3 scrolls of vulnerability
 s - 5 scrolls of remove curse {@r2}
 v - a scroll of silence {unknown}
 B - a scroll of fog
 M - 4 scrolls of magic mapping
 R - 4 scrolls of identify {@r1}
 T - 8 scrolls of teleportation {!r, @r3}
 V - a scroll of summoning {unknown}
Potions
 b - 7 potions of curing {@q1}
 i - a potion of heal wounds
 x - 2 potions of lignification
 A - a potion of haste
 I - 3 potions of might
 K - 3 potions of agility
 L - 3 potions of ambrosia
 O - a potion of cure mutation {!q}
Comestibles
 e - 8 bread rations {@e1}
 f - 2 slices of pizza
 l - 5 beef jerkies
 X - 4 meat rations {@e2}


   Skills:
 + Level 10.5 Fighting
 + Level 9.6 Dodging
 - Level 1.7 Stealth
 - Level 4.8 Shields
 + Level 13.0 Unarmed Combat
 * Level 7.2 Spellcasting
 + Level 10.1 Transmutations
 + Level 10.2 Earth Magic


You had 11 spell levels left.
You knew the following spells:

 Your Spells              Type           Power        Failure   Level  Hunger
a - Stoneskin             Trmt/Erth      #####...     1%          2    None
b - Irradiate             Conj/Trmt      ###.......   41%         5    #####..
c - Passwall              Trmt/Erth      #####.....   1%          3    ##.....
Y - Statue Form           Trmt/Erth      #####....    30%         6    #######


Dungeon Overview and Level Annotations

Branches:
Dungeon (14/15)            Temple (0/1) D:4            Lair (7/8) D:9
  Swamp (0/4) Lair:6       Spider (0/4) Lair:5          Orc (4/4) D:12
    Elf (0/3) Orc:3        Vaults (0/5) D:14
  Slime: Lair:6-8

Altars:
Cheibriados
Elyvilon
Fedhas
Gozag
Makhleb
Okawaru
Qazlal
Ru
Sif Muna
Trog
Vehumet
Xom
Yredelemnul

Shops:
D:13 *   Orc:3 [   Lair:1 [

Annotations:
D:12 exclusion: ice statue
D:14 Frances
Lair:1 exclusion: hydra, Urug
Lair:3 exclusion: hydra
Lair:4 exclusions: hydra, 3 wraiths and 14 more exclusions, Josephine
Lair:5 exclusion: 2 hydras
Lair:7 exclusions: 2 death yaks, komodo dragon and 2 oklob plants


Innate Abilities, Weirdness & Mutations

You have a pair of small horns on your head.
You are partially covered in rugged brown scales (AC +1, +3% HP).
You are completely attuned to the shadows.
When hurt, damage is shared between your health and your magic reserves.
You regenerate magic rapidly.
When low on magic, you restore magic in place of health.
You have a beak for a mouth.
You possess an exceptional clarity of mind.
You are clumsy. (Dex -2)
Your magical capacity is low (-10% MP).


Message History

The orc priest hits you.
You take 1 damage, and have 83/114 hp.
You barely miss the orc priest. You peck the orc priest.
The orc priest is moderately wounded.
The orc priest misses you.
You barely miss the orc priest.
The orc priest is moderately wounded.
The orc priest miscasts a cantrip.
You block the orc priest's attack.
You closely miss the orc priest. You headbutt the orc priest.
The orc priest is heavily wounded.
The orc priest misses you.
You pummel the orc priest!!
You kill the orc priest!
You closely miss the orc priest. Your peck misses the orc priest.
The orc priest misses you.
You punch the orc priest! You headbutt the orc priest.
You kill the orc priest!
No target in view!
No target in view!
No target in view!
No target in view!
No target in view!
No target in view!
No target in view!
No target in view!
No target in view!
No target in view!
No target in view!
No target in view!
No target in view!
No target in view!
No target in view!
No target in view!
No target in view!
No target in view!
No target in view!
No target in view!
No target in view!
No target in view!
You now have 1786 gold pieces (gained 8).
You now have 1799 gold pieces (gained 13).
Things that are here:
a long sword; a plate armour Magic restored.
You now have 1803 gold pieces (gained 4).
You see here a dagger.
You now have 1809 gold pieces (gained 6).
You now have 1823 gold pieces (gained 14).
A - a potion of haste You regained 11 hp, and now have 95/114 hp.
MP restored: 22 Marking area around the seven-headed hydra as unsafe for travelling.
A seven-headed hydra comes into view.
The helpless seven-headed hydra fails to defend itself.
You punch the seven-headed hydra! You peck the seven-headed hydra.
The seven-headed hydra is moderately wounded.
The seven-headed hydra bites you. The seven-headed hydra bites you!
You block the seven-headed hydra's attack.
The seven-headed hydra bites you but does no damage.
The seven-headed hydra completely misses you. x2
The seven-headed hydra bites you!
You take 24 damage, and have 73/114 hp.
MASSIVE DAMAGE!!
You now have 17/22 mp.
You punch the seven-headed hydra!
The seven-headed hydra is heavily wounded.
Unknown command.
You punch the seven-headed hydra!
The seven-headed hydra is heavily wounded.
The seven-headed hydra misses you.
The seven-headed hydra bites you but does no damage.
The seven-headed hydra bites you!
The seven-headed hydra barely misses you. x2
You block the seven-headed hydra's attack.
The seven-headed hydra bites you!
* * * LOW HITPOINT WARNING * * *
You take 22 damage, and have 51/114 hp.
You now have 13/22 mp.
You hit the seven-headed hydra. You headbutt the seven-headed hydra!
The seven-headed hydra is severely wounded.
You block the seven-headed hydra's attack. x2
The seven-headed hydra bites you.
* * * LOW HITPOINT WARNING * * *
The seven-headed hydra closely misses you.
The seven-headed hydra bites you.
* * * LOW HITPOINT WARNING * * *
The seven-headed hydra misses you. The seven-headed hydra bites you.
* * * LOW HITPOINT WARNING * * *
You take 12 damage, and have 39/114 hp.
You now have 11/22 mp.
You hit the seven-headed hydra.
The seven-headed hydra is almost dead.
The seven-headed hydra barely misses you.
The seven-headed hydra misses you. The seven-headed hydra bites you!
* * * LOW HITPOINT WARNING * * *
The seven-headed hydra bites you!!
* * * LOW HITPOINT WARNING * * *
The seven-headed hydra bites you!
* * * LOW HITPOINT WARNING * * *
You block the seven-headed hydra's attack.
The seven-headed hydra bites you!
You die...
Your body crumbles into a pile of gold.

█......█ $
█......█
█......█ $
█..D...█
█...@..█
.......█
.......████
...........
..[........
......█████
......█
......█
......█


You could see a seven-headed hydra.

Vanquished Creatures
  The ghost of Alipheese the Cleaver, a journeyman NaFi of Okawaru (Orc:2)
  Snorg (Orc:4)
  Erolcha (D:10)
  Fannar (D:12)
  4 hydras
  Erica (D:9)
  2 ogre magi
  A centaur warrior (D:14)
  A queen ant (Lair:2)
  A deep elf knight (D:14)
  Nergalle (Orc:1)
  3 unseen horrors
  Pikel (D:9)
  4 hill giants
  3 ugly things
  3 griffons (D:13)
  A cyclops (D:12)
  An orc knight (D:14)
  2 orc sorcerers
  Joseph (D:9)
  2 ice statues (IceCv)
  3 black mambas
  16 spiny frogs
  A torpor snail (Lair:7)
  5 komodo dragons
  2 deep elf priests (D:14)
  5 fire drakes
  A troll (D:11)
  A polar bear (Lair:4)
  3 giant leeches (Lair:6)
  11 blink frogs
  6 slime creatures
  A trapdoor spider zombie (D:11)
  A shadow (D:11)
  A wyvern (D:14)
  4 deep elf magi
  3 hungry ghosts
  A vampire (D:12)
  12 hippogriffs
  A steam dragon (D:11)
  2 wraiths
  A fire elemental (Lair:6)
  66 yaks
  A mottled dragon (D:12)
  5 basilisks
  4 swamp worms
  21 wolves
  5 soldier ants (Lair:2)
  2 wargs
  Menkaure (D:6)
  4 vampire mosquitoes (D:12)
  33 water moccasins
  11 porcupines
  A hornet simulacrum (D:11)
  25 ogres
  3 slaves (D:9)
  2 black bears
  6 orc warriors
  4 sky beasts
  3 eyes of draining
  A necrophage (D:12)
  6 phantoms
  11 centaurs
  8 ice beasts
  16 crocodiles
  A brain worm (D:11)
  21 giant frogs
  Blork the orc (D:6)
  3 big kobolds
  A water moccasin zombie (D:9)
  3 scorpions
  A water moccasin skeleton (D:7)
  14 killer bees
  8 wights
  A lava snake (Lair:6)
  An electric eel (D:13)
  2 giant frog zombies
  4 crimson imps
  A centaur zombie (D:6)
  3 jellies
  5 hounds
  10 iguanas
  18 orc wizards
  2 giant frog skeletons
  17 orc priests
  An iron imp (D:9)
  20 worker ants
  17 sheep
  4 hound skeletons
  33 adders
  9 gnolls
  45 river rats
  6 shadow imps
  An adder skeleton (D:7)
  2 adder zombies
  3 worms
  9 giant geckos
  115 orcs
  2 ball pythons
  11 bats
  4 giant cockroaches
  9 hobgoblins
  8 jackals
  18 kobolds
  A giant gecko skeleton (D:8)
  2 giant newts
  8 goblins
  A jackal zombie (D:7)
  6 quokkas
  A quokka zombie (D:9)
  11 rats
  A plant (Lair:2)
821 creatures vanquished.

Vanquished Creatures (others)
  A slave (D:9)
  7 bushes
  A fire vortex (Lair:6)
  11 fungi
  24 plants
44 creatures vanquished.

Grand Total: 865 creatures vanquished

Notes
Turn   | Place    | Note
--------------------------------------------------------------
     0 | D:1      | Goblin1989 the Demonspawn Monk began the quest for the Orb.
     0 | D:1      | Reached XP level 1. HP: 18/18 MP: 1/1
   214 | D:1      | Reached skill level 4 in Unarmed Combat
   238 | D:1      | Gained mutation: When hurt, damage is shared between your health and your magic reserves. [demonic ancestry]
   238 | D:1      | Reached XP level 2. HP: 17/24 MP: 2/2
   777 | D:2      | Found a basalt altar of Yredelemnul.
   790 | D:2      | Found a radiant altar of Vehumet.
   890 | D:2      | Gained mutation: You are slightly more attuned to the shadows. [demonic ancestry]
   890 | D:2      | Reached XP level 3. HP: 13/29 MP: 3/3
  1190 | D:2      | Found an iron altar of Okawaru.
  1191 | D:2      | Found a sacrificial altar of Ru.
  1240 | D:2      | Found an opulent altar of Gozag.
  1243 | D:2      | Found a blossoming altar of Fedhas.
  1722 | D:2      | Reached skill level 5 in Unarmed Combat
  2035 | D:3      | Reached XP level 4. HP: 35/35 MP: 4/4
  2597 | D:2      | Became a worshipper of Gozag Ym Sagoz the Greedy
  2928 | D:3      | Reached skill level 6 in Unarmed Combat
  2928 | D:3      | Reached XP level 5. HP: 24/41 MP: 2/5
  3101 | D:3      | Found a stormy altar of Qazlal.
  3724 | D:4      | Gained mutation: You are partially covered in rugged brown scales (AC +1, +3% HP). [demonic ancestry]
  3724 | D:4      | Reached XP level 6. HP: 34/48 MP: 3/6
  3776 | D:4      | Found a staircase to the Ecumenical Temple.
  3849 | D:4      | Gained mutation: You are clumsy. (Dex -2) [potion of mutation]
  3849 | D:4      | Gained mutation: Your magical capacity is low (-10% MP). [potion of mutation]
  3849 | D:4      | Gained mutation: You possess an exceptional clarity of mind. [potion of mutation]
  4438 | D:4      | Reached skill level 7 in Unarmed Combat
  4523 | D:4      | HP: 1/48 [orc wizard/enchanted dagger (3)]
  4856 | D:4      | Gained mutation: You regenerate magic rapidly. [demonic ancestry]
  4856 | D:4      | Reached XP level 7. HP: 45/53 MP: 6/6
  5089 | D:4      | Found a burning altar of Makhleb.
  5089 | D:4      | Noticed an Executioner
  5092 | D:4      | Noticed a hellwing
  5092 | D:4      | Noticed a smoke demon
  5122 | D:4      | Noticed a phantom
  5149 | D:4      | Killed a phantom
  5179 | D:4      | Found a shimmering altar of Xom.
  5182 | D:4      | Found a deep blue altar of Sif Muna.
  5185 | D:4      | Found a white marble altar of Elyvilon.
  5215 | D:5      | Entered Level 5 of the Dungeon
  5511 | D:5      | Learned a level 6 spell: Statue Form
  5843 | D:5      | Reached skill level 8 in Unarmed Combat
  6104 | D:6      | Noticed Blork the orc
  6115 | D:6      | Killed Blork the orc
  6115 | D:6      | Gained mutation: You are significantly more attuned to the shadows. [demonic ancestry]
  6115 | D:6      | Reached XP level 8. HP: 48/62 MP: 4/7
  6437 | D:6      | Reached skill level 5 in Fighting
  6528 | D:6      | Noticed Menkaure
  6536 | D:6      | Killed Menkaure
  6590 | D:6      | Reached skill level 1 in Shields
  7313 | D:7      | Reached skill level 9 in Unarmed Combat
  7633 | D:7      | Reached skill level 5 in Dodging
  7647 | D:7      | Reached XP level 9. HP: 63/71 MP: 8/8
  8318 | D:8      | Got a translucent short sword
  8561 | D:8      | Reached skill level 10 in Unarmed Combat
  8642 | D:8      | Found a bloodstained altar of Trog.
  9113 | D:9      | Gained mutation: You are completely attuned to the shadows. [demonic ancestry]
  9113 | D:9      | Reached XP level 10. HP: 20/79 MP: 2/9
  9542 | D:9      | Noticed Pikel
 10119 | D:9      | Noticed Joseph
 10130 | D:9      | Killed Joseph
 10289 | D:9      | Noticed a hill giant
 10314 | D:9      | Identified the +10 short sword of Brutal Revenge {vamp, *Corrode +Rage MR+ Str-4} (You found it on level 8 of the Dungeon)
 10345 | D:9      | Found a snail-covered altar of Cheibriados.
 10381 | D:9      | Noticed Erica
 10408 | D:9      | Killed Erica
 10408 | D:9      | Reached skill level 11 in Unarmed Combat
 10408 | D:9      | Reached skill level 1 in Transmutations
 10408 | D:9      | Reached skill level 1 in Earth Magic
 10453 | D:9      | Reached skill level 1 in Spellcasting
 10736 | D:9      | Killed Pikel
 10742 | D:9      | Found a staircase to the Lair.
 11751 | D:9      | Killed a hill giant
 11751 | D:9      | Gained mutation: When low on magic, you restore magic in place of health. [demonic ancestry]
 11751 | D:9      | Reached XP level 11. HP: 53/87 MP: 9/12
 12057 | D:10     | Entered Level 10 of the Dungeon
 12398 | D:10     | Found a blossoming altar of Fedhas.
 12558 | D:10     | Noticed Erolcha
 12586 | D:10     | Killed Erolcha
 12833 | D:10     | Noticed a hill giant
 12895 | D:10     | Killed a hill giant
 13459 | Lair:1   | Entered Level 1 of the Lair of Beasts
 13958 | Lair:1   | Noticed Urug
 15505 | Lair:1   | Noticed a six-headed hydra
 15728 | Lair:1   | Gained mutation: You have a beak for a mouth. [potion of beneficial mutation]
 15847 | Lair:2   | Reached skill level 5 in Transmutations
 16077 | Lair:2   | Reached skill level 5 in Earth Magic
 16146 | Lair:2   | Noticed a queen ant
 16156 | Lair:2   | Killed a queen ant
 16156 | Lair:2   | Reached XP level 12. HP: 95/95 MP: 13/15
 17880 | Lair:1   | Bought the +0 mask of the Dragon {MR+ Slay+3 SInv} for 901 gold pieces
 18155 | Lair:2   | Reached skill level 12 in Unarmed Combat
 18761 | Lair:1   | Bought a faintly humming cloak for 256 gold pieces
 18771 | Lair:1   | Identified the +1 cloak of Optimism {Slay+2} (You bought it in a shop on level 1 of the Lair of Beasts)
 19198 | Lair:1   | Bought a pair of translucent gloves for 256 gold pieces
 19208 | Lair:1   | Identified the cursed +0 pair of gloves of Nutzoul {rElec rF+++ SInv Stlth-} (You bought it in a shop on level 1 of the Lair of Beasts)
 19451 | Lair:3   | Learned a level 3 spell: Passwall
 19973 | Lair:3   | Identified Ranishro's Papyrus of Nocuous Black Rites
 20035 | Lair:3   | Learned a level 2 spell: Stoneskin
 20041 | Lair:3   | Learned a level 5 spell: Irradiate
 20509 | Lair:3   | Noticed a seven-headed hydra
 20696 | Lair:4   | Found a frozen archway.
 20705 | IceCv    | Entered an ice cave
 20751 | IceCv    | Reached skill level 5 in Spellcasting
 20800 | IceCv    | Reached XP level 13. HP: 88/104 MP: 16/18
 20902 | Lair:4   | Noticed Josephine
 20902 | Lair:4   | Noticed a four-headed hydra
 21377 | Lair:4   | Got a steaming hand crossbow
 22741 | Lair:5   | Identified the cursed +0 hand crossbow of the Exiled Wars {velocity, Str-3 Dex+3 SInv} (You found it on level 4 of the Lair of Beasts)
 22913 | Lair:5   | Found a hole to the Spider Nest.
 25449 | Lair:6   | Got a scorched chain mail
 25460 | Lair:6   | Identified the +4 chain mail of the Lost Path {rF+ Int+3} (You found it on level 6 of the Lair of Beasts)
 25844 | Lair:6   | Found a staircase to the Swamp.
 27922 | Lair:4   | Killed a four-headed hydra
 28338 | D:11     | Noticed an unseen horror
 28378 | D:11     | Gained mutation: You have a pair of small horns on your head. [demonic ancestry]
 28378 | D:11     | Reached XP level 14. HP: 28/112 MP: 14/20
 28409 | D:11     | Killed an unseen horror
 29298 | D:12     | Noticed Fannar
 29457 | D:11     | Reached skill level 10 in Fighting
 29738 | D:12     | Killed Fannar
 29998 | D:12     | Got a silken robe
 30368 | D:12     | Identified the +1 robe of Generosity {*Contam rCorr Int+4} (You found it on level 12 of the Dungeon)
 30693 | D:12     | Found a staircase to the Orcish Mines.
 31009 | Orc:1    | Entered Level 1 of the Orcish Mines
 31475 | Orc:2    | Noticed Alipheese's ghost (journeyman NaFi)
 31626 | Orc:2    | Killed Alipheese's ghost
 31852 | Orc:2    | Bought a bread ration for 65 gold pieces
 31852 | Orc:2    | Bought 4 fruits for 78 gold pieces
 31852 | Orc:2    | Bought a meat ration for 65 gold pieces
 31852 | Orc:2    | Bought a bread ration for 65 gold pieces
 31852 | Orc:2    | Bought a meat ration for 65 gold pieces
 31852 | Orc:2    | Bought a beef jerky for 19 gold pieces
 31852 | Orc:2    | Bought a royal jelly for 26 gold pieces
 31852 | Orc:2    | Bought 2 fruits for 39 gold pieces
 31852 | Orc:2    | Bought a meat ration for 65 gold pieces
 31852 | Orc:2    | Bought a bread ration for 65 gold pieces
 31852 | Orc:2    | Bought a bread ration for 65 gold pieces
 31852 | Orc:2    | Bought 4 fruits for 78 gold pieces
 32217 | Orc:3    | Found Onnos's Antique Armour Emporium.
 32239 | Orc:3    | Bought a jewelled hat for 243 gold pieces
 32249 | Orc:3    | Identified the +1 hat "Ityfit" {Dex+4} (You bought it in a shop on level 3 of the Orcish Mines)
 32326 | Orc:3    | Found a staircase to the Elven Halls.
 32978 | Orc:1    | Found a burning altar of Makhleb.
 33055 | Orc:1    | Noticed Nergalle
 33069 | Orc:1    | Killed Nergalle
 33069 | Orc:1    | Reached skill level 10 in Transmutations
 33511 | Orc:3    | Bought a slice of pizza for 15 gold pieces
 33511 | Orc:3    | Bought a bread ration for 50 gold pieces
 33511 | Orc:3    | Bought a royal jelly for 20 gold pieces
 33511 | Orc:3    | Bought a bread ration for 50 gold pieces
 33511 | Orc:3    | Bought 2 fruits for 30 gold pieces
 33511 | Orc:3    | Bought a bread ration for 50 gold pieces
 33511 | Orc:3    | Bought a beef jerky for 15 gold pieces
 33511 | Orc:3    | Bought a beef jerky for 15 gold pieces
 33511 | Orc:3    | Bought a beef jerky for 15 gold pieces
 33511 | Orc:3    | Bought a beef jerky for 15 gold pieces
 33511 | Orc:3    | Bought a slice of pizza for 15 gold pieces
 33520 | Orc:4    | Entered Level 4 of the Orcish Mines
 33605 | Orc:4    | Noticed Snorg
 33625 | Orc:4    | Killed Snorg
 34009 | D:13     | Reached skill level 10 in Earth Magic
 34360 | D:13     | Found Neicruo's General Store.
 34365 | D:13     | Bought a meat ration for 90 gold pieces
 34365 | D:13     | Bought a potion of agility for 72 gold pieces
 34365 | D:13     | Bought a scroll of identify for 36 gold pieces
 34365 | D:13     | Bought 3 scrolls of identify for 108 gold pieces
 34365 | D:13     | Bought a +2 cloak of magic resistance for 387 gold pieces
 34365 | D:13     | Bought a potion of lignification for 54 gold pieces
 34699 | D:13     | Reached skill level 13 in Unarmed Combat
 35281 | D:14     | Noticed Frances
 35684 | D:14     | Found a gate to the Vaults.
 36027 | D:14     | HP: 5/114 [seven-headed hydra (9)]
 36027 | D:14     | Mangled by a seven-headed hydra

Action                   |  1- 3 |  4- 6 |  7- 9 | 10-12 | 13-15 || total
-------------------------+-------+-------+-------+-------+-------++-------
Melee: Unarmed           |   143 |   289 |   412 |  1020 |  1251 ||  3115
 Fire: Blowgun           |       |       |       |    13 |       ||    13
 Cast: Statue Form       |       |       |       |       |     4 ||     4
       Stoneskin         |       |       |       |       |     3 ||     3
Invok: Potion Petition   |       |     2 |     1 |     3 |     1 ||     7
       Call Merchant     |       |       |       |     1 |     2 ||     3
Evoke: Wand              |       |       |     3 |       |       ||     3
  Use: Potion            |       |     6 |     5 |     2 |     7 ||    20
       Scroll            |       |     1 |       |    10 |    20 ||    31
 Stab: Sleeping          |     9 |     5 |    18 |    37 |    63 ||   132
       Distracted        |       |     1 |       |     9 |    13 ||    23
  Eat: Chunk             |     4 |       |       |       |       ||     4
       Bread ration      |       |     2 |       |     2 |     3 ||     7
       Royal jelly       |       |     1 |       |       |     2 ||     3
       Fruit             |       |       |     7 |    15 |    23 ||    45
       Beef jerky        |       |       |     2 |     1 |     2 ||     5
       Meat ration       |       |       |     1 |     3 |     4 ||     8
       Pizza             |       |       |     1 |     3 |       ||     4

Vault maps used:
D:1:      dpeg_arrival_shelter
D:2:      nicolae_overflow_hidden_temple, grunt_temple_overflow_open,
          first_bread
D:3:      lemuel_crystal_altar
D:4:      grunt_temple_overflow_diamond, makhleb_altar_promises_db,
          minmay_temple_entry_poolview
D:5:      kennysheep_generic_room_12
D:6:      uniq_blork_the_orc, uniq_menkaure
D:8:      kennysheep_mini_moat, st_stairs_13
D:9:      slow_altar_2, minmay_lair_entry_grove, uniq_pikel, uniq_joseph,
          uniq_erica
D:10:     hangedman_tree_tricks, uniq_erolcha
D:12:     orc_0_dummy, minivault_15, uniq_fannar
D:13:     serial_shops, nicolae_shop_crystal
D:14:     hangedman_vaults_entry_quadrant_bands, evilmike_surprise_oklob,
          uniq_frances
Lair:1:   beast_lair_carwin_8, uniq_urug
Lair:2:   wad_woods_antlair
Lair:4:   lemuel_reptile_caves, portal_ice_cave_entry_pillars_01, uniq_josephine
Lair:5:   dummy_spider_entry, grunt_megastairs_4
Lair:6:   minmay_swamp_entry_worms, serial_bayou, serial_bayou_pond_a,
          serial_bayou_pond_b, serial_bayou_pond_b, serial_bayou_pond_c
Lair:7:   minmay_slime_entry_oklob_enclosed, worms_lemuel, grunt_megastairs_2
Orc:1:    basic_altar, mines4_lemuel, uniq_nergalle
Orc:3:    serial_shops, shop, nicolae_orc_pool_cavern
Orc:4:    st_orc_elflike, basic_altar, uniq_snorg, uniq_sonja, uniq_rupert
IceCv:    ice_cave_statue_garden_01
